 Dungeon Crawl Stone Soup version 0.29.1-1-gd02db6906a (webtiles) character file.

Game seed: 8897317803428289040

284 Emmi the Trooper (level 6, -2/52 HPs)
             Began as a Formicid Fighter on Oct 12, 2022.
             Slain by Pikel
             ... wielding a +1 whip of freezing
              (7 damage)
             ... on level 4 of the Dungeon.
             The game lasted 00:06:56 (3758 turns).

Emmi the Trooper (Formicid Fighter)                 Turns: 3758, Time: 00:06:56

Health: -2/52      AC: 16    Str: 22    XL:     6   Next: 55%
Magic:  6/6        EV:  7    Int: 14    God:
Gold:   155        SH:  5    Dex: 13    Spells: 5/5 levels left

rFire   . . .      SeeInvis +   r - +4 dagger of Hepliaklqana {protect, rN++}
rCold   . . .      Faith    .   c - +0 buckler
rNeg    + + .      Spirit   .   v - +0 chain mail
rPois   .          Reflect  .   (helmet unavailable)
rElec   .          Harm     .   (no cloak)
rCorr   .          Rampage  .   (no gloves)
Will    .....                   (no boots)
Stlth   ..........              (no amulet)
HPRegen 0.17/turn               k - +6 ring of intelligence
MPRegen 0.10/turn               (no ring)

@: mighty, under a protective aura, attractive
A: permanent stasis, dig shafts and tunnels, antennae 3, four strong arms
a: Dig, Shaft Self


You were on level 4 of the Dungeon.
You visited 1 branch of the dungeon, and saw 4 of its levels.

You collected 155 gold pieces.

Inventory:

Hand Weapons
 a - a +0 long sword
 r - the +4 dagger of Hepliaklqana (weapon) {protect, rN++}
   (You found it on level 3 of the Dungeon)

   It grants its wielder temporary protection when it strikes (+7 to AC).
   rN:        It greatly protects you from negative energy.
Missiles
 p - 4 curare-tipped darts
 q - 3 boomerangs of dispersal
Armour
 c - a +0 buckler (worn)
 v - a +0 chain mail (worn)
Jewellery
 k - a +6 ring of intelligence (left hand)
Scrolls
 f - a scroll of vulnerability {unknown}
 h - 4 scrolls of teleportation {unknown}
 i - 2 scrolls of silence {unknown}
 o - 2 scrolls of amnesia {unknown}
 t - a scroll of fear {unknown}
 u - a scroll of identify {unknown}
Potions
 e - a potion of resistance {unknown}
 g - 2 potions of invisibility {unknown}
 j - a potion of lignification {unknown}
 l - a potion of attraction
 m - 5 potions of curing
 n - a potion of heal wounds {unknown}
 s - a potion of magic {unknown}


   Skills:
 * Level 5.8 Fighting
 + Level 4.7 Long Blades
 - Level 3.2 Armour
 - Level 4.0 Shields


You had 5 spell levels left.
You didn't know any spells.
Your spell library contained the following spells:

 Spells                   Type           Power      Damage    Failure   Level
 Apportation              Tloc           0%         N/A       97%         1
 Magic Dart               Conj           0%         1d3       97%         1
 Call Imp                 Summ           0%         N/A       99%         2
 Mephitic Cloud           Conj/Pois/Air  0%         N/A       100%        3
 Alistair's Intoxication  Tmut/Pois      0%         N/A       100%        5
 Fireball                 Conj/Fire      0%         3d3       100%        5
 Starburst                Conj/Fire      0%         6d3       100%        6
 Ignition                 Fire           0%         3d3       100%        8


Dungeon Overview and Level Annotations

Branches:
Dungeon (4/15)
 Temple: D:4-7

Altars:
Yredelemnul

Annotations:
D:4 Pikel


Innate Abilities, Weirdness & Mutations

You cannot be hasted, slowed, berserked, paralysed or teleported.
You can dig through walls and to a lower floor.
You have a pair of large antennae on your head. (SInv)
Your four strong arms can wield two-handed weapons with a shield.


Message History

Pikel is moderately wounded.
Pikel hits you with a +1 whip of freezing!
* * * LOW HITPOINT WARNING * * *
Pikel freezes you.
* * * LOW HITPOINT WARNING * * *
It was a potion of attraction.
You feel attractive to monsters.
Pikel hits you with a +1 whip of freezing.
* * * LOW HITPOINT WARNING * * *
Pikel freezes you.
* * * LOW HITPOINT WARNING * * *
You feel very mighty all of a sudden.
Pikel hits you with a +1 whip of freezing.
* * * LOW HITPOINT WARNING * * *
Pikel freezes you.
* * * LOW HITPOINT WARNING * * *
You closely miss Pikel.
Pikel is moderately wounded.
Pikel hits you but does no damage.
You barely miss Pikel.
Pikel is moderately wounded.
Pikel says, "You'll make a fine lemure."
Pikel barely misses you.
You puncture Pikel!
Your weapon exudes an aura of protection.
Pikel is heavily wounded.
Pikel barely misses you.
You puncture Pikel!
Pikel is severely wounded.
Pikel hits you but does no damage.
You hit Pikel but do no damage.
Pikel is severely wounded.
Pikel hits you but does no damage.
You closely miss Pikel.
Pikel is severely wounded.
Pikel hits you but does no damage.
You barely miss Pikel.
Pikel is severely wounded.
Pikel hits you with a +1 whip of freezing!
You die...

.....##.......##...##....##...###
.........................#.......
.............[...........#.......
.........................#.......
.........................#.......
#........................+.......
#........................#.......
.........................#.......
.....##....##.##@####....###...##
.....##....##.##K####.)..###...##
............#...55'....5........#
............#.....#.............#
............#.....#.............'
............#.....#>............#
#...........#.....#.............#
#....##....####..####รท...###+####
.....##....##########....###.


You could see Pikel and 2 lemures.

Vanquished Creatures
  A black bear (D:4)
  2 lemures (D:4)
  A scorpion (D:4)
  A hound (D:4)
  An iguana (D:4)
  An adder (D:2)
  An ufetubus (D:4)
  2 adder zombies (D:3)
  A worm (D:2)
  2 dart slugs (D:1)
  5 ball pythons
  4 endoplasms
  A giant cockroach (D:2)
  6 goblins
  3 hobgoblins
  2 jackals (D:1)
  6 quokkas
  3 bats
  2 frilled lizards (D:2)
  A giant cockroach zombie (D:3)
  2 kobolds
  A quokka zombie (D:3)
  7 rats
56 creatures vanquished.

Vanquished Creatures (others)
  3 plants (D:2)
3 creatures vanquished.

Grand Total: 59 creatures vanquished

Notes
Turn   | Place    | Note
-------+----------+-------------------------------------------
     0 | D:1      | Emmi the Formicid Fighter began the quest for the Orb.
     0 | D:1      | Reached XP level 1. HP: 18/18 MP: 1/1
   282 | D:1      | Reached XP level 2. HP: 24/25 MP: 2/2
   388 | D:1      | Reached skill level 4 in Fighting
   642 | D:1      | Reached XP level 3. HP: 20/30 MP: 3/3
   981 | D:1      | Found a faded altar of an unknown god.
  1592 | D:2      | Reached XP level 4. HP: 38/38 MP: 4/4
  2286 | D:3      | Identified the +4 dagger of Hepliaklqana {protect, rN++}
  2290 | D:3      | Found a basalt altar of Yredelemnul.
  3019 | D:4      | Reached XP level 5. HP: 39/43 MP: 5/5
  3072 | D:4      | Reached skill level 5 in Fighting
  3377 | D:4      | Noticed a black bear
  3388 | D:4      | Killed a black bear
  3389 | D:4      | Reached XP level 6. HP: 50/52 MP: 6/6
  3710 | D:4      | Noticed Pikel
  3758 | D:4      | Slain by Pikel

Illustrated notes

Levels and vault maps discovered:
D:1:      sevenhm_arrival_forest_fort_small_5, layout_basic, serial_bayou,
          serial_bayou_crossing, serial_bayou_pond_a, serial_bayou_pond_d,
          serial_bayou_shore_b, hellmonk_ecumenical_altar_zigzags
D:2:      layout_loops_ring, chequers_big_river
D:3:      layout_loops_corners, nicolae_yredelemnul_corpse_copse
D:4:      layout_gridville, uniq_pikel

Skill      XL: |  1  2  3  4  5 |
---------------+----------------+-----
Fighting       | 4 5 |  5.8
Long Blades    | 3 4 |  4.7
Armour         | |  3.2
Shields        | |  4.0

Action                   |  1- 3 |  4- 6 || total
-------------------------+-------+-------++-------
Melee: Long sword        |    84 |    22 ||   106
       Dagger            |       |   156 ||   156
  Use: Potion            |       |     3 ||     3
Armor: Scale mail        |    25 |    26 ||    51
       Chain mail        |       |    62 ||    62
Dodge: Dodged            |    38 |    51 ||    89
Block: Buckler           |    16 |    35 ||    51
